 Dungeon Crawl Stone Soup version 0.31-a0-1-g4198be8af4 (webtiles) character file.

Game seed: 2643799297677752010

97219 Ahpoh the Fencer (level 16, 0/88 HPs)
             Began as a Vine Stalker Fighter on May 1, 2023.
             Was a High Priest of Okawaru.
             Slain by a spark wasp (12 damage)
             ... on level 2 of the Depths on May 2, 2023.
             The game lasted 01:43:12 (16801 turns).

Ahpoh the Fencer (Vine Stalker Fighter)            Turns: 16801, Time: 01:43:13

Health: 0/88       AC: 26    Str: 31      XL:     16   Next: 19%
Magic:  0/32       EV: 16    Int:  8      God:    Okawaru [*****.]
Gold:   1429       SH:  9    Dex: 21 (23) Spells: 15/15 levels left

rFire   + . .        a - +4 long sword (spect)
rCold   . . .        g - +1 buckler "Meikh" {Drain Regen+ Str+8 Dex+3}
rNeg    + + +        O - +4 chain mail {rF+}
rPois   .            h - +1 hat
rElec   .            I - +2 cloak
rCorr   +            m - +0 pair of gloves
SInv    +            G - +0 pair of boots {rampage}
Will    ++...        t
                       - Hermit's Pendant {Faith Invo=14 Evo=0 MP+5}
Stlth   +++          i - ring of flight
HPRegen 1.94/turn    v - ring "Nihoal" {Contam rN+++ rCorr Str+2 SInv}
MPRegen 0.23/turn

%: guardian spirit, rampage, faith
@: about to teleport, heroic, finesse-ful, flying, studying Axes
A: fangs 3, regeneration 1, magic shield, antimagic bite, no potion heal 2,
deterioration 1
a: Renounce Religion, Heroism, Finesse, Duel


You were on level 2 of the Depths.
You worshipped Okawaru.
Okawaru was extremely pleased with you.
You visited 4 branches of the dungeon, and saw 20 of its levels.

You collected 1887 gold pieces.
You spent 458 gold pieces at shops.

Inventory:

Hand Weapons
 a - a +4 spectral long sword (weapon)
 B - a +2 war axe of flaming
 K - a +0 arbalest
 U - a +2 great sword of flaming
Missiles
 o - a datura-tipped dart
 D - 2 javelins (quivered)
 E - 3 throwing nets
 S - an atropa-tipped dart
Armour
 g - the +1 buckler "Meikh" (worn) {Drain Regen+ Str+8 Dex+3}
   (You acquired it on level 3 of the Dungeon)

   Str:       It affects your strength (+8).
   Dex:       It affects your dexterity (+3).
   Regen:     It increases your rate of health regeneration.
   Drain:     It drains your maximum health when unequipped.
 h - a +1 hat (worn)
 m - a +0 pair of gloves (worn)
 x - a +0 helmet
 G - a +0 pair of boots of rampaging (worn)
 I - a +2 cloak (worn)
 O - a +4 chain mail of fire resistance (worn)
 Q - the scarf of Udghy {harm, rF+}
   (Okawaru gifted it to you on level 15 of the Dungeon)

   rF:        It protects you from fire.
Jewellery
 e - a ring of positive energy
 i - a ring of flight (left hand)
 q - an amulet of magic regeneration
 t - the Hermit's Pendant (around neck) {Faith Invo=14 Evo=0 MP+5}
   (You found it on level 5 of the Dungeon)

   [amulet of faith]

   Invo=14: It sets your Invocations skill to 14.
   Evo=0: It sets your Evocations skill to 0.
   It allows you to gain divine favour quickly.
   MP:        It affects your magic capacity (+5).
 v - the ring "Nihoal" (right hand) {Contam rN+++ rCorr Str+2 SInv}
   (You found it on level 5 of the Dungeon)

   [ring of see invisible]

   Str:       It affects your strength (+2).
   rN:        It renders you almost immune to negative energy.
   SInv:      It lets you see invisible.
   Contam:    It causes magical contamination when unequipped.
   rCorr:     It protects you from acid and corrosion.
 J - a ring of ice
 L - a +6 ring of strength
 P - the amulet of Sloth {Acrobat +Blink rC+ rN+}
   (You found it on level 15 of the Dungeon)

   [amulet of the acrobat]

   It increases your evasion while moving and waiting.
   rC:        It protects you from cold.
   rN:        It protects you from negative energy.
   +Blink:    It lets you blink.
Wands
 f - a wand of flame (18)
 u - a wand of iceblast (22)
 w - a wand of digging (2)
 y - a wand of light (24)
 F - a wand of polymorph (1)
 V - a wand of mindburst (5)
Scrolls
 b - 4 scrolls of magic mapping
 c - 11 scrolls of identify
 d - a scroll of fear
 n - 3 scrolls of enchant armour
 p - a scroll of amnesia
 s - 3 scrolls of vulnerability
 A - 2 scrolls of noise
 H - 4 scrolls of fog
 M - 2 scrolls of blinking
 N - a scroll of immolation
 T - a scroll of enchant weapon
Potions
 k - 13 potions of curing
 l - 2 potions of ambrosia
 r - 2 potions of attraction
 z - 2 potions of brilliance
 R - a potion of magic


   Skills:
 + Level 11.6(16.6) Fighting
 + Level 15.1(20.1) Long Blades
 + Level 0.6(5.8) Axes
 + Level 0.4(5.7) Polearms
 + Level 4.2(9.2) Ranged Weapons
 + Level 2.6(7.6) Throwing
 + Level 11.2(16.2) Armour
 + Level 5.2(10.2) Dodging
 + Level 9.3(14.3) Stealth
 + Level 9.0(14.0) Shields
 + Level 6.7(14.0) Invocations
 + Level 0.8(0.0) Evocations


You had 15 spell levels left.
You didn't know any spells.
Your spell library contained the following spells:

 Spells                   Type           Power      Damage    Failure   Level
 Kiss of Death            Conj/Necr      0%         2d5       77%         1
 Necrotise                Necr           0%         1d4       77%         1
 Sandblast                Erth           0%         2d4       77%         1
 Cigotuvi's Dreadful Rot  Necr/Pois/Air  0%         N/A       88%         2
 Ensorcelled Hibernation  Hex/Ice        0%         N/A       88%         2
 Passwall                 Tmut/Erth      0%         N/A       88%         2
 Poisonous Vapours        Pois/Air       0%         N/A       88%         2
 Static Discharge         Conj/Air       0%         2-2/arc   88%         2
 Confusing Touch          Hex            0%         N/A       98%         3
 Dazzling Flash           Conj/Hex       0%         N/A       98%         3
 Ignite Poison            Fire/Tmut/Pois 0%         N/A       98%         3
 Inner Flame              Hex/Fire       0%         N/A       98%         3
 Mephitic Cloud           Conj/Pois/Air  0%         N/A       98%         3
 Portal Projectile        Hex/Tloc       0%         N/A       98%         3
 Spider Form              Tmut/Pois      0%         N/A       98%         3
 Stone Arrow              Conj/Erth      0%         3d7       98%         3
 Vampiric Draining        Necr           0%         2d6       98%         3
 Vhi's Electric Charge    Tloc/Air       0%         N/A       98%         3
 Volatile Blastmotes      Fire/Tloc      0%         2d10      98%         3
 Airstrike                Air            0%         2d(0-16)  100%        4
 Anguish                  Hex/Necr       0%         N/A       100%        4
 Dispel Undead            Necr           0%         3d6       100%        4
 Iskenderun's Mystic Bla  Conj/Tloc      0%         2d3       100%        4
 Leda's Liquefaction      Hex/Erth       0%         N/A       100%        4
 Agony                    Necr           0%         N/A       100%        5
 Arcjolt                  Conj/Air       0%         1d10      100%        5
 Blade Hands              Tmut           0%         N/A       100%        5
 Freezing Cloud           Conj/Ice/Air   0%         6-21      100%        5
 Iskenderun's Battlesphe  Conj           0%         2d6       100%        5
 Yara's Violent Unravell  Hex/Tmut       0%         3d3       100%        5
 Iron Shot                Conj/Erth      0%         9d1       100%        6
 Plasma Beam              Fire/Air       0%         2x1d11    100%        6
 Starburst                Conj/Fire      0%         6d3       100%        6
 Orb of Destruction       Conj           0%         9d5       100%        7
 Maxwell's Capacitive Co  Air            0%         ∞         100%        8
 Call Canine Familiar     Summ           Unusable   N/A       N/A         3
 Summon Guardian Golem    Hex/Summ       Unusable   N/A       N/A         3
 Tukima's Dance           Hex            Unusable   N/A       N/A         3
 Summon Lightning Spire   Summ/Air       Unusable   N/A       N/A         4
 Spellforged Servitor     Conj/Summ      Unusable   N/A       N/A         7

Dungeon Overview and Level Annotations

Branches:
Dungeon (15/15)            Temple (0/1) D:7            Lair (0/5) D:8
    Orc (2/2) D:9             Elf (1/3) Orc:2        Vaults (0/5) D:13
 Depths (2/4) D:15

Altars:
Ashenzari
Cheibriados
Dithmenos
Elyvilon
Fedhas
Gozag
Hepliaklqana
Kikubaaqudgha
Nemelex Xobeh
Okawaru
Qazlal
Sif Muna
Trog
Uskayaw
Wu Jian
The Shining One

Shops:
D:5 !   D:6 :!   D:7 !   D:9 [   D:10 !   D:15 [   Orc:2 ?((=

Portals:
Abyss: Depths:1
Trove: D:10 (give 2 scrolls of acquirement)

Annotations:
D:9 2 transporters, exclusion: orange crystal statue


Innate Abilities, Weirdness & Mutations

You have razor-sharp teeth.
Your natural rate of healing is unusually fast.
When hurt, damage is shared between your health and your magic reserves.
Your bite disrupts and absorbs the magic of your enemies.
Potions cannot restore your health.
Your body sometimes deteriorates upon taking damage.


Message History

You start resting.
HP restored.
You start resting.
Magic restored.
You start waiting.
Done waiting.
You gain the combat prowess of a mighty hero.
You can now deal lightning-fast blows.
You fly upwards.
The spark wasp stings you. The spark wasp shocks you!
There is a stone staircase leading down here.
You hit the spark wasp but do no damage.
Your +4 spectral long sword hits the spark wasp but does no damage.
The spark wasp stings you! The spark wasp shocks you!
You block the spark wasp's attack.
You barely miss the spark wasp. Your bite misses the spark wasp.
Your +4 spectral long sword hits the spark wasp!
The spark wasp stings you but does no damage.
You completely miss the spark wasp. You bite the spark wasp!
The spark wasp's magic leaks into the air.
You drain its magic.
You feel invigorated.
The spark wasp is heavily wounded.
Your +4 spectral long sword hits the spark wasp!
The spark wasp stings you. The spark wasp shocks you!
The spark wasp stings you! The spark wasp shocks you!
* * * LOW HITPOINT WARNING * * *
Your +4 spectral long sword disappears.
The spark wasp stings you!
* * * LOW HITPOINT WARNING * * *
The spark wasp shocks you!
* * * LOW HITPOINT WARNING * * *
The spark wasp closely misses you.
The spark wasp stings you but does no damage.
The spark wasp completely misses you. The spark wasp closely misses you.
The spark wasp barely misses you.
You fly downwards.
There is a stone staircase leading up here.
As you read the scroll of teleportation, it crumbles to dust.
You feel strangely unstable. The spark wasp closely misses you.
The spark wasp stings you!
You die...

###########
......y@y.#
......yy#.#
######### #


You could see 4 spark wasps.

Vanquished Creatures
  A lich (D:15)
  Asterion (Depths:1)
  Kirke (D:13)
  2 fire giants
  A frost giant (Depths:1)
  15 very ugly things
  2 stone giants (Depths:1)
  2 deep elf demonologists
  2 jiangshi (Depths:1)
  2 fire dragons
  8 vault guards (D:13)
  Erolcha (D:11)
  A rakshasa (Depths:1)
  A spriggan air mage (D:15)
  2 ogre magi (Orc:2)
  6 centaur warriors
  A hydra (D:14)
  6 boulder beetles
  8 dancing weapons (Elf:1)
  12 two-headed ogres
  2 tengu warriors
  2 deep troll shamans (D:15)
  A deep troll earth mage (Depths:1)
  A spriggan berserker (Depths:1)
  A vampire mage (Depths:1)
  5 deep elf knights (Elf:1)
  6 skeletal warriors
  3 deep trolls
  A shadow dragon zombie (D:15)
  A deep elf archer (Elf:1)
  An orc knight (Orc:2)
  A wizard (D:15)
  13 deep elf pyromancers
  A necromancer (D:15)
  A phantasmal warrior (D:15)
  6 deep elf zephyrmancers (Elf:1)
  An orc sorcerer (Orc:1)
  5 cyclopes
  3 manticores
  6 ugly things
  Joseph (D:8)
  A stone giant skeleton (D:15)
  A fire giant skeleton (D:15)
  3 gargoyles
  An unseen horror (D:12)
  Psyche (D:9)
  2 komodo dragons
  A kobold demonologist (D:12)
  A tengu conjurer (D:13)
  A guardian mummy (D:15)
  11 trolls
  6 meliai
  Prince Ribbit (D:6)
  A hornet (shapeshifter) (D:14)
  A hornet (D:10)
  A polar bear (shapeshifter) (Elf:1)
  Grinder (D:4)
  An air elemental (Elf:1)
  A wraith (D:10)
  A centaur simulacrum (D:15)
  A yak (D:12)
  3 slime creatures (D:11)
  A shadow (D:11)
  A spriggan skeleton (D:15)
  2 water elementals (Elf:1)
  3 fire elementals (Elf:1)
  A hog (D:13)
  3 basilisks
  4 humans (D:13)
  2 steam dragons (D:8)
  A warg (Orc:2)
  12 vampire mosquitoes
  Edmund (D:6)
  2 acid dragons
  2 water moccasins
  16 orc warriors
  An ice beast (D:8)
  19 ogres
  9 centaurs
  A phantom (D:5)
  2 kobold brigands (D:9)
  2 scorpions
  A bullfrog (D:8)
  3 gnoll sergeants
  10 wights
  13 killer bees
  6 howler monkeys
  2 electric eels (D:3)
  7 crimson imps (D:13)
  A lava snake (D:14)
  2 hounds
  14 orc priests
  A sleepcap (D:4)
  4 iguanas
  24 orc wizards
  Robin (D:2)
  12 gnolls
  9 adders
  3 shadow imps
  A white imp (D:13)
  2 ufetubi (D:5)
  4 worms
  A dart slug (D:4)
  72 orcs
  5 ball pythons
  8 endoplasms
  4 giant cockroaches
  18 goblins
  6 hobgoblins
  2 jackals (D:1)
  13 kobolds
  2 quokkas
  5 bats
  5 frilled lizards
  3 rats
  A spectral hobgoblin (D:6)
528 creatures vanquished.

Vanquished Creatures (others)
  A deep elf knight (Elf:1)
  A water elemental (Elf:1)
  An orc wizard (D:12)
  A butterfly (D:3)
  5 plants
  14 spectral weapons
  5 withered plants (D:15)
28 creatures vanquished.

Grand Total: 556 creatures vanquished

Notes
Turn   | Place    | Note
-------+----------+-------------------------------------------
     0 | D:1      | Ahpoh the Vine Stalker Fighter began the quest for the Orb.
     0 | D:1      | Reached XP level 1. HP: 11/11 MP: 2/2
   216 | D:1      | Reached XP level 2. HP: 16/16 MP: 3/3
   314 | D:1      | Identified a scroll of acquirement
   403 | D:1      | Reached skill level 2 in Long Blades
   720 | D:2      | Noticed Robin
   729 | D:2      | Killed Robin
   730 | D:2      | Reached XP level 3. HP: 18/20 MP: 4/4
  1268 | D:2      | Gained mutation: Your natural rate of healing is unusually
                  | fast. [Vine Stalker growth]
  1268 | D:2      | Reached XP level 4. HP: 23/24 MP: 5/5
  1310 | D:2      | Found a faded altar of an unknown god.
  1605 | D:3      | Found a transporter.
  1619 | D:3      | Reached skill level 3 in Long Blades
  1649 | D:3      | Reached skill level 1 in Dodging
  1649 | D:3      | Reached XP level 5. HP: 28/28 MP: 4/6
  1650 | D:3      | Found a transporter.
  2196 | D:3      | Found an iron altar of Okawaru.
  2197 | D:3      | Found an ancient bone altar of Kikubaaqudgha.
  2201 | D:3      | Found a shimmering blue altar of Sif Muna.
  2210 | D:3      | Acquired the +1 buckler "Meikh" {Drain Regen+ Str+8 Dex+3}
  2312 | D:3      | Found a white marble altar of Elyvilon.
  2877 | D:4      | Reached XP level 6. HP: 32/32 MP: 7/7
  2879 | D:4      | Found a broken altar of Ashenzari.
  3121 | D:3      | Became a worshipper of Warmaster Okawaru
  3165 | D:4      | Reached skill level 4 in Long Blades
  3212 | D:4      | Reached XP level 7. HP: 36/36 MP: 8/8
  3278 | D:4      | Found a glowing golden altar of the Shining One.
  3401 | D:4      | Noticed Grinder
  3419 | D:4      | Killed Grinder
  3419 | D:4      | Reached * piety under Okawaru
  3420 | D:4      | Reached skill level 1 in Stealth
  3488 | D:5      | Entered Level 5 of the Dungeon
  3574 | D:5      | Reached skill level 5 in Long Blades
  3700 | D:5      | Found a faded altar of an unknown god.
  3700 | D:5      | Found the Hermit's Pendant {Faith Invo=14 Evo=0 MP+5}
  3705 | D:5      | Gained mutation: You have razor-sharp teeth. [Vine Stalker
                  | growth]
  3705 | D:5      | Reached XP level 8. HP: 40/42 MP: 9/9
  4113 | D:5      | Identified the ring "Nihoal" {Contam rN+++ rCorr Str+2
                  | SInv}
  4127 | D:5      | Found Teko's Distillery.
  4223 | D:5      | Found an ornate altar of the Wu Jian Council.
  4474 | D:6      | Got the Book of the Fey Welkin
  4482 | D:6      | Noticed Prince Ribbit
  4505 | D:6      | Killed Prince Ribbit
  4505 | D:6      | Reached ** piety under Okawaru
  4506 | D:6      | Reached skill level 6 in Long Blades
  4571 | D:6      | Noticed Edmund
  4580 | D:6      | Killed Edmund
  4581 | D:6      | Found a stormy altar of Qazlal.
  4732 | D:6      | Found a hazy altar of Hepliaklqana.
  4847 | D:6      | Found Isum's Distillery.
  4877 | D:6      | Found Qieschau's Self-Improvement Boutique.
  5145 | D:7      | Found a staircase to the Ecumenical Temple.
  5303 | D:7      | Reached skill level 5 in Armour
  5303 | D:7      | Reached XP level 9. HP: 46/46 MP: 20/20
  5430 | D:7      | Found Ivukaa's Distillery.
  5445 | D:7      | Bought a potion of mutation for 128 gold pieces
  5847 | D:8      | Reached *** piety under Okawaru
  5864 | D:8      | Reached skill level 7 in Long Blades
  5987 | D:8      | Reached **** piety under Okawaru
  6108 | D:8      | Found a blossoming altar of Fedhas.
  6129 | D:8      | Found a bloodstained altar of Trog.
  6267 | D:8      | Reached skill level 8 in Long Blades
  6288 | D:8      | Noticed Joseph
  6305 | D:8      | Killed Joseph
  6306 | D:8      | Reached skill level 5 in Fighting
  6306 | D:8      | Reached skill level 1 in Invocations
  6306 | D:8      | Reached XP level 10. HP: 51/51 MP: 21/21
  6325 | D:8      | Noticed a two-headed ogre
  6331 | D:8      | Killed a two-headed ogre
  6332 | D:8      | Reached skill level 9 in Long Blades
  6489 | D:8      | Found a staircase to the Lair.
  6842 | D:9      | Noticed a centaur warrior
  6842 | D:9      | Noticed a centaur warrior
  6843 | D:9      | Noticed a skeletal warrior
  6845 | D:9      | Noticed a death knight
  6850 | D:9      | Noticed a gargoyle
  6853 | D:9      | Noticed a purple ugly thing
  6855 | D:9      | Found a transporter.
  6855 | D:9      | Found a transporter.
  6855 | D:9      | Noticed an orange crystal statue
  6894 | D:9      | Reached ***** piety under Okawaru
  7035 | D:9      | Found an opulent altar of Gozag.
  7067 | D:9      | Found a staircase to the Orcish Mines.
  7109 | D:9      | Noticed Psyche
  7123 | D:9      | Killed Psyche
  7198 | D:9      | Found Edeshrit's Antique Armour Boutique.
  7231 | D:9      | Bought a pair of embroidered boots for 202 gold pieces
  7380 | D:10     | Entered Level 10 of the Dungeon
  7381 | D:10     | Found a portal to a secret trove of treasure.
  7417 | D:10     | Found a sparkling altar of Nemelex Xobeh.
  7488 | D:10     | Found a snail-covered altar of Cheibriados.
  7524 | D:10     | Noticed a two-headed ogre
  7530 | D:10     | Killed a two-headed ogre
  7671 | D:10     | Reached skill level 10 in Long Blades
  7671 | D:10     | Reached skill level 5 in Stealth
  7671 | D:10     | Reached skill level 5 in Shields
  7683 | D:10     | Reached XP level 11. HP: 56/56 MP: 22/22
  7714 | D:10     | Received a gift from Okawaru
  7920 | D:10     | Found Hetutuom's Distillery.
  7926 | D:10     | Bought a potion of mutation for 128 gold pieces
  7931 | D:10     | Gained mutation: You are clumsy. (Dex -2) [potion of
                  | mutation]
  7931 | D:10     | Gained mutation: Your magical capacity is low. (-10% MP)
                  | [potion of mutation]
  7932 | D:10     | Lost mutation: Your magical capacity is low. (-10% MP)
                  | [potion of mutation]
  7932 | D:10     | Lost mutation: You are clumsy. (Dex -2) [potion of
                  | mutation]
  7932 | D:10     | Gained mutation: Armour fits poorly on your strangely
                  | shaped body. [potion of mutation]
  7932 | D:10     | Gained mutation: You passively map a small area around you.
                  | [potion of mutation]
  7932 | D:10     | Gained mutation: You passively map the area around you.
                  | [potion of mutation]
  7933 | D:10     | Lost mutation: You passively map the area around you.
                  | [potion of mutation]
  7933 | D:10     | Lost mutation: You passively map a small area around you.
                  | [potion of mutation]
  7933 | D:10     | Lost mutation: Armour fits poorly on your strangely shaped
                  | body. [potion of mutation]
  7933 | D:10     | Gained mutation: Your body sometimes deteriorates upon
                  | taking damage. [potion of mutation]
  8108 | D:11     | Noticed a two-headed ogre
  8113 | D:11     | Killed a two-headed ogre
  8135 | D:11     | Noticed a boulder beetle
  8149 | D:11     | Noticed a boulder beetle
  8171 | D:10     | Killed a boulder beetle
  8172 | D:10     | Reached skill level 1 in Throwing
  8202 | D:10     | Killed a boulder beetle
  8558 | D:11     | Noticed Erolcha
  8575 | D:11     | Killed Erolcha
  8808 | D:11     | Noticed a two-headed ogre
  8812 | D:11     | Killed a two-headed ogre
  8813 | D:11     | Reached skill level 11 in Long Blades
  9243 | D:12     | Noticed a boulder beetle
  9295 | D:12     | Killed a boulder beetle
  9315 | D:12     | Noticed a cyclops
  9317 | D:12     | Noticed a boulder beetle
  9322 | D:12     | Killed a cyclops
  9323 | D:12     | Reached XP level 12. HP: 63/63 MP: 23/23
  9333 | D:12     | Killed a boulder beetle
  9373 | D:12     | Identified the +4 ring mail of Gahirivo {Int+4} (Okawaru
                  | gifted it to you on level 12 of the Dungeon)
  9373 | D:12     | Received a gift from Okawaru
  9711 | D:12     | Noticed a boulder beetle
  9712 | D:12     | Noticed a centaur warrior
  9745 | D:12     | Killed a centaur warrior
  9754 | D:12     | Killed a boulder beetle
  9883 | D:12     | Reached skill level 12 in Long Blades
 10123 | D:13     | Noticed a vault guard
 10123 | D:13     | Noticed a vault guard
 10123 | D:13     | Noticed a vault guard
 10147 | D:13     | Killed a vault guard
 10150 | D:13     | Killed a vault guard
 10155 | D:13     | Noticed a vault guard
 10181 | D:13     | Noticed a centaur warrior
 10189 | D:13     | Killed a centaur warrior
 10260 | D:13     | Noticed a vault guard
 10261 | D:13     | Noticed Kirke
 10311 | D:13     | Identified the +2 pair of gloves of Qaubol {Int+3 Dex-3
                  | SInv} (Okawaru gifted it to you on level 13 of the Dungeon)
 10311 | D:13     | Received a gift from Okawaru
 10323 | D:13     | Found a gate to the Vaults.
 10341 | D:13     | Noticed a vault guard
 10355 | D:13     | Killed a vault guard
 10374 | D:13     | Killed a vault guard
 10380 | D:13     | Killed a vault guard
 10436 | D:13     | Identified the +1 long sword of Xalyiq {distort, Drain
                  | +Blink rCorr}
 10436 | D:13     | Noticed a vault guard
 10450 | D:13     | Killed a vault guard
 10451 | D:13     | Reached XP level 13. HP: 68/68 MP: 24/24
 10473 | D:13     | Noticed a vault guard
 10488 | D:13     | Killed a vault guard
 10565 | D:13     | Killed Kirke
 10647 | D:13     | Killed a vault guard
 10648 | D:13     | Reached skill level 13 in Long Blades
 10902 | D:14     | Found a hide-covered altar of Uskayaw.
 11405 | D:14     | Identified the +1 robe of Bossohel {Harm rN+ Stlth+}
 11781 | D:14     | Reached skill level 1 in Ranged Weapons
 11802 | D:14     | Received a gift from Okawaru
 12113 | D:15     | Entered Level 15 of the Dungeon
 12115 | D:15     | Identified the amulet of Sloth {Acrobat +Blink rC+ rN+}
 12180 | D:15     | Found a sparkling altar of Nemelex Xobeh.
 12184 | D:15     | Identified the scarf of Udghy {harm, rF+} (Okawaru gifted
                  | it to you on level 15 of the Dungeon)
 12184 | D:15     | Received a gift from Okawaru
 12445 | D:15     | Found a staircase to the Depths.
 12449 | D:15     | Reached XP level 14. HP: 75/75 MP: 25/25
 12467 | D:15     | Reached ****** piety under Okawaru
 12515 | D:15     | Found Vuwnopp Nati's Antique Armour Emporium.
 12530 | D:15     | Found an iron altar of Okawaru.
 12848 | Depths:1 | Entered Level 1 of the Depths
 12900 | Depths:1 | Noticed a white very ugly thing
 12901 | Depths:1 | Noticed a lich
 12911 | Depths:1 | Noticed a white very ugly thing
 12911 | Depths:1 | Noticed a white very ugly thing
 12934 | D:15     | Killed a white very ugly thing
 12939 | D:15     | Received a gift from Okawaru
 12990 | Depths:1 | Noticed a white very ugly thing
 12997 | D:15     | Killed a red very ugly thing
 13015 | D:15     | Killed a lich
 13015 | D:15     | Received a gift from Okawaru
 13016 | D:15     | Reached skill level 14 in Long Blades
 13016 | D:15     | Reached skill level 5 in Invocations
 13022 | D:15     | Killed a white very ugly thing
 13031 | Depths:1 | Noticed a fire giant
 13315 | Orc:1    | Entered Level 1 of the Orcish Mines
 13401 | Orc:1    | Identified the -1 pair of boots "Zyngug" {rF+ MP+9}
                  | (Okawaru gifted it to you on level 1 of the Orcish Mines)
 13401 | Orc:1    | Received a gift from Okawaru
 13502 | Orc:2    | Entered Level 2 of the Orcish Mines
 13682 | Orc:2    | Found a staircase to the Elven Halls.
 14017 | Orc:2    | Reached skill level 10 in Armour
 14036 | Orc:2    | Reached skill level 10 in Fighting
 14076 | Orc:2    | Found Qimit's Antique Weapon Shoppe.
 14081 | Orc:2    | Found Yngobo's Jewellery Emporium.
 14087 | Orc:2    | Found Ifyizev's Magic Scroll Boutique.
 14110 | Orc:2    | Identified the +1 pair of boots of Eblagom {rN+ Regen+
                  | Stlth-} (Okawaru gifted it to you on level 2 of the Orcish
                  | Mines)
 14110 | Orc:2    | Received a gift from Okawaru
 14111 | Orc:2    | Reached XP level 15. HP: 81/81 MP: 26/26
 14148 | Orc:2    | Found Fuimeal's Weapon Shoppe.
 14373 | Elf:1    | Entered Level 1 of the Elven Halls
 14742 | Elf:1    | Paralysed by an air elemental for 1 turns
 15149 | Elf:1    | Received a gift from Okawaru
 15496 | Elf:1    | Reached skill level 5 in Dodging
 15818 | D:15     | Killed a fire giant
 15866 | Depths:1 | Noticed Asterion
 15887 | Depths:1 | Killed Asterion
 15995 | Depths:1 | Received a gift from Okawaru
 16048 | Depths:1 | Found a one-way gate to the infinite horrors of the Abyss.
 16059 | Depths:1 | Noticed a Tzitzimitl
 16066 | Depths:1 | Noticed a Tzitzimitl
 16185 | Depths:1 | Found a shadowy altar of Dithmenos.
 16222 | Depths:1 | Noticed a frost giant
 16227 | Depths:1 | Killed a frost giant
 16354 | Depths:1 | Reached skill level 15 in Long Blades
 16354 | Depths:1 | Reached XP level 16. HP: 88/88 MP: 27/27
 16360 | Depths:1 | Received a gift from Okawaru
 16377 | Depths:1 | Received a gift from Okawaru
 16801 | Depths:2 | Slain by a spark wasp

Illustrated notes

Levels and vault maps discovered:
D:1:      dpeg_arrival_erosion, layout_rooms, hangedman_decor_riveting,
          minivault_5
D:2:      layout_loops_ring, shapermc_ecumenical_altar_petra, uniq_robin
D:3:      gammafunk_steamed_eel, layout_basic, nicolae_elyvilon_peaceful_grove,
          chequers_temple_overflow_statue_of_worship, kennysheep_generic_room_12
D:4:      layout_rooms, cheibrodos_ashenzari_chains, marbit_many_paths,
          uniq_grinder
D:5:      layout_loops_ring, nzn_wu_jian_contemplation, serial_shops,
          nicolae_shop_advertising_works [nicolae_subvault_shop_adworks],
          hellmonk_guarded_unrand_hermit
D:6:      layout_rooms, nicolae_qazlal_general_emergency,
          nicolae_hepliaklqana_monster_ancestors, serial_shops, shop,
          nicolae_shop_self_help, uniq_prince_ribbit1, uniq_edmund
D:7:      layout_basic, minmay_temple_entry_nine_rooms, serial_shops, shop,
          nrook_loot_triangle
D:8:      cheibrodos_steamvent, layout_loops_ring, mainiacjoe_overflow_alcove_2,
          bloody_trog, lair_entry_dummy, uniq_joseph
D:9:      gammafunk_sealed_arena, layout_rooms,
          nicolae_gozag_cash_rules_everything_around_me, orc_0_dummy,
          serial_shops, nicolae_shop_hallway_plus, minmay_misc_feat_roman,
          kennysheep_small_circle, uniq_psyche
D:10:     layout_roguey, cheibriados_altar_1, mainiacjoe_overflow_boulevard,
          special_room [special_room_orc], serial_shops, kennysheep_little_box,
          enter_trove_0
D:11:     layout_irregular_city, serial_rivers, chequers_serial_rivers_micro_b,
          chequers_serial_rivers_large_a, chequers_serial_rivers_room_a,
          chequers_serial_rivers_micro_c, chequers_avenue, uniq_erolcha
D:12:     layout_irregular_city, grunt_tough_drop
D:13:     layout_roguey, erik_vaults_2, minmay_nine_imps, uniq_kirke
D:14:     layout_irregular_city, nicolae_uskayaw_suspiria,
          corexii_hall_statues_i
D:15:     gammafunk_depths_entry_grave, layout_rooms, serial_shops, shop,
          okawaru_trees_1, nemelex_xobeh_ov_fountains_minmay
Orc:1:    layout_caves
Orc:2:    st_orc_open, layout_diamond_mine
Elf:1:    elf_arrival_001, layout_geoelf_octagon, minivault_28,
          amcnicky_mini_corridor_feature, st_stairs_1
Depths:1: layout_big_octagon, enter_ziggurat_c,
          nicolae_abyss_entry_one_way_or_another, hell_entry,
          grunt_ministairs_8, nicolae_dithmenos_through_a_glass_darkly,
          minmay_shop_grove, uniq_asterion
Depths:2: minmay_four_inscribed_fans, layout_basic, grunt_mini_vestibule,
          infiniplex_staircase_zigzag_5, pan_entry, uniq_sojobo, uniq_josephina

Skill      XL: |  1  2  3  4  5  6  7  8  9 10 11 12 13 14 15 16 |
---------------+-------------------------------------------------+-----
Long Blades    | 2 3 4 5 6 8 10 11 12 13 14 15 | 15.1
Fighting       | 3 4 5 7 8 9 10 11 | 11.6
Shields        | 3 4 5 6 8 9 |  9.0
Armour         | 3 4 5 6 7 8 9 10 11 | 11.2
Dodging        | 1 2 3 4 5 |  5.2
Stealth        | 1 2 3 5 6 7 9 |  9.3
Invocations    | 1 2 3 4 5 6 |  6.7
Throwing       | 2 |  2.6
Ranged Weapons | 4 |  4.2
Axes           | |  0.6
Polearms       | |  0.4
Evocations     | |  0.8

Action                     |  1- 3 |  4- 6 |  7- 9 | 10-12 | 13-15 | 16-18 || total
---------------------------+-------+-------+-------+-------+-------+-------++-------
  Melee: Long sword        |    98 |   100 |   203 |   446 |   810 |    48 ||  1705
         Bite              |    24 |    22 |    47 |   186 |   384 |    21 ||   684
         Trident           |       |       |       |       |    12 |       ||    12
         War axe           |       |       |       |       |     4 |       ||     4
         Punch             |       |       |       |       |     1 |       ||     1
   Fire: Arbalest          |       |       |       |       |    78 |       ||    78
  Throw: Boomerang         |       |       |       |    20 |    13 |       ||    33
         Javelin           |       |       |       |       |     2 |       ||     2
 Invoke: Heroism           |       |       |     3 |    10 |    14 |     2 ||    29
         Finesse           |       |       |     1 |     4 |    11 |     1 ||    17
  Evoke: Wand              |       |     4 |       |       |     6 |       ||    10
    Use: Scroll            |     2 |     8 |     8 |     8 |     3 |     6 ||    35
         Potion            |     2 |     4 |     1 |     5 |     5 |       ||    17
   Stab: Distracted        |       |       |     3 |     9 |    20 |     4 ||    36
         Invisible         |       |       |       |       |     1 |       ||     1
 Armour: Scale mail        |    56 |    60 |    21 |       |       |       ||   137
         Chain mail        |       |       |    54 |   136 |   336 |     9 ||   535
  Dodge: Dodged            |    35 |    48 |    71 |   131 |   327 |    15 ||   627
  Block: Buckler           |    19 |    27 |    49 |    95 |   236 |     8 ||   434

Table legend: (Time is in decaauts)
 A = Elapsed time spent in this place.
 B = Non-inter-level travel time spent in this place.
 C = Inter-level travel time spent in this place.
 D = Time resting spent in this place.
 E = Time spent auto-exploring this place.
 F = Levels seen in this place.
 G = Mean time per level.
                   A        B        C        D        E       F      G
               +--------+--------+--------+--------+--------+-----+--------+
         Total |  16588 |  15577 |   1011 |   1584 |   8721 |  20 |  829.4 |
       Dungeon |  13547 |  12698 |    849 |   1143 |   7389 |  15 |  903.1 |
  Orcish Mines |    944 |    837 |    107 |      0 |    549 |   2 |  472.0 |
   Elven Halls |   1187 |   1133 |     54 |     78 |    559 |   1 | 1187.0 |
        Depths |    908 |    908 |      0 |    363 |    224 |   2 |  454.0 |
               +--------+--------+--------+--------+--------+-----+--------+

Top non-repeatable levels by time:
    D:14: 1552 daAuts
     D:3: 1459 daAuts
   Elf:1: 1187 daAuts
    D:15: 1003 daAuts
     D:8: 977 daAuts
    D:11: 974 daAuts
     D:5: 948 daAuts
     D:2: 922 daAuts
    D:12: 882 daAuts
    D:10: 855 daAuts
     D:7: 847 daAuts
   Orc:2: 821 daAuts
    D:13: 711 daAuts
Depths:1: 705 daAuts
     D:9: 688 daAuts
